 Dungeon Crawl Stone Soup version 0.19.0-18-g426998a (webtiles) character file.

3292 dobroeutro the Cleaver (level 9, -1/121 HPs)
             Began as a Minotaur Berserker on Nov 11, 2016.
             Was an Elder of Trog.
             Succumbed to a meliai's poison
             ... on level 8 of the Dungeon.
             The game lasted 00:08:06 (5978 turns).

dobroeutro the Cleaver (Minotaur Berserker)         Turns: 5978, Time: 00:08:07

Health: -1/121     AC: 10    Str: 27    XL:     9   Next: 69%
Magic:  8/8        EV: 13    Int:  5    God:    Trog [****..]
Gold:   394        SH:  0    Dex: 12    Spells: 0 memorised, 8 levels left

rFire  + . .     SeeInvis .     a - +0 hand axe
rCold  x . .     Gourm    .     k - +0 scale mail
rNeg   . . .     Faith    .     (no shield)
rPois  .         Spirit   .     (helmet restricted)
rElec  .         Reflect  .     B - +0 cloak
rCorr  .         Harm     .     q - +0 pair of gloves
MR     ++...                    (no boots)
Stlth  ..........               n - amulet of regeneration
                                (no ring)
                                d - ring of fire

@: berserking, lethally poisoned (-1 -> -14), regenerating, very quick
A: retaliatory headbutt, horns 2
a: Berserk, Trog's Hand, Brothers in Arms, Burn Spellbooks, Renounce Religion


You were on level 8 of the Dungeon.
You worshipped Trog.
Trog was greatly pleased with you.
You were very hungry.

You visited 1 branch of the dungeon, and saw 8 of its levels.

You collected 394 gold pieces.

Inventory:

Hand Weapons
 a - a +0 hand axe (weapon)
Armour
 k - a +0 scale mail (worn)
 q - a +0 pair of gloves (worn)
 B - a +0 cloak (worn)
Jewellery
 d - a ring of fire (left hand)
 n - an amulet of regeneration (around neck)
 H - a cursed ring of teleportation {unknown}
Wands
 r - a wand of lightning (8/15)
 A - a wand of iceblast (7/15)
 G - a wand of acid (5/15)
 J - a wand of acid (4/15)
Scrolls
 f - a scroll of fear {unknown}
 h - a scroll of recharging {unknown}
 j - 10 scrolls of identify
 p - 5 scrolls of remove curse
 t - a scroll of fog {unknown}
 u - 2 scrolls of teleportation
 x - a scroll of blinking
 C - 2 scrolls of immolation {unknown}
 L - a scroll of vulnerability {unknown}
Potions
 b - a potion of brilliance {unknown}
 e - a potion of cure mutation {unknown}
 g - 3 potions of haste {unknown}
 i - 2 potions of degeneration
 m - 6 potions of curing {unknown}
 s - 2 potions of heal wounds
 v - a potion of cancellation {unknown}
 w - 2 potions of agility {unknown}
 z - 2 potions of mutation {unknown}
 I - a potion of lignification {unknown}
 K - a potion of magic {unknown}
Books
 y - a book of Minor Magic

   Spells                             Type                      Level
   a - Magic Dart                     Conjuration                  1
   b - Blink                          Translocation                2
   c - Call Imp                       Summoning                    2
   d - Repel Missiles                 Charms/Air                   2
   e - Slow                           Hexes                        2
   f - Conjure Flame                  Conjuration/Fire             3
   g - Mephitic Cloud                 Conjuration/Poison/Air       3
   Trog disapproves of the use of such an item.
 F - a book of Clouds

   Spells                             Type                      Level
   a - Mephitic Cloud                 Conjuration/Poison/Air       3
   b - Conjure Flame                  Conjuration/Fire             3
   c - Poisonous Cloud                Conjuration/Poison/Air       6
   d - Freezing Cloud                 Conjuration/Ice/Air          6
   e - Ring of Flames                 Charms/Fire                  7
   Trog disapproves of the use of such an item.
Comestibles
 c - 13 bread rations
 l - 13 fruits
 o - 2 slices of pizza
 D - a beef jerky
 E - a royal jelly
 M - 4 chunks of flesh


   Skills:
 + Level 7.8 Fighting
 * Level 11.9 Axes
 + Level 7.2 Armour
 + Level 6.2 Dodging


You had 8 spell levels left.
You didn't know any spells.

Dungeon Overview and Level Annotations

Branches:
Dungeon (8/15)             Temple (0/1) D:7
   Lair: D:8-11

Altars:
Cheibriados
Hepliaklqana
Makhleb
Qazlal
Ru
Sif Muna
Uskayaw
Zin

Shops:
D:5 =


Innate Abilities, Weirdness & Mutations

You reflexively headbutt those who attack you in melee.
You have a pair of horns on your head.


Message History

Unknown command.
You barely miss the meliai.
* * * LOW HITPOINT WARNING * * *
You feel sick. The meliai hits you but does no damage. The meliai misses you.
Unknown command.
You miss the meliai.
* * * LOW HITPOINT WARNING * * *
You feel sick. The meliai hits you but does no damage. The meliai stings you.
* * * LOW HITPOINT WARNING * * *
Unknown command.
You slash the meliai! Your headbutt misses the meliai.
The meliai is heavily wounded.
* * * LOW HITPOINT WARNING * * *
You feel sick. The meliai barely misses you. You furiously retaliate!
You headbutt the meliai!!
You kill the meliai!
Trog accepts your kill.
The cyclops throws a large rock.
The large rock hits you!
* * * LOW HITPOINT WARNING * * *
You die...

#### # #..# #.
#..#
########### .#
###..#
..........# o#.
#..#
########### #C#
#..# #########
####(###..#
......))#
#...(@##..#
#####O#.#
#.....>...# ##
##)#.#
#.........# .#
#..#.#
######.#### .#
##.#)###### #.#
.# #..#...O..#
#.#
############.#
#.#
.....#.#####.#
#.#
...........#.##
#.#


You could see a cyclops and an orc.

Vanquished Creatures
  A meliai (shapeshifter) (D:8)
  A spriggan (D:8)
  Sigmund (D:4)
  Eustachio (D:6)
  A hungry ghost (D:8)
  Menkaure (D:4)
  Edmund (D:6)
  3 sky beasts
  2 ogres
  2 phantoms
  The ghost of herpmino the Insei, an amateur DgAM (D:3)
  2 centaurs
  Blork the orc (D:4)
  3 bullfrogs
  A scorpion (D:5)
  3 crimson imps
  A howler monkey (D:8)
  2 bullfrog zombies
  A centaur zombie (D:5)
  A quasit (D:7)
  Crazy Yiuf (D:6)
  5 hounds
  An orc priest (D:6)
  2 centaur skeletons
  3 orc wizards
  Ijyb (D:2)
  2 iguanas
  8 worker ants
  A killer bee zombie (D:8)
  A hound skeleton (D:4)
  A mummy (D:7)
  A worker ant zombie (D:8)
  8 adders
  A white imp (D:7)
  An ooze (D:2)
  An adder zombie (D:5)
  An adder skeleton (D:5)
  A worm (D:2)
  5 dart slugs
  7 leopard geckos
  10 orcs
  4 ball pythons
  6 giant cockroaches
  5 goblins
  11 hobgoblins
  7 jackals
  6 kobolds
  A quokka (D:3)
  10 bats
  4 frilled lizards
  5 rats
151 creatures vanquished.

Vanquished Creatures (collateral kills)
  An orc warrior (D:8)
  An orc (D:8)
2 creatures vanquished.

Grand Total: 153 creatures vanquished

Notes
Turn   | Place    | Note
-------+----------+-------------------------------------------
     0 | D:1      | dobroeutro the Minotaur Berserker began the quest for the Orb.
     0 | D:1      | Reached XP level 1. HP: 19/19 MP: 0/0
    55 | D:1      | Reached skill level 4 in Axes
    80 | D:1      | Reached XP level 2. HP: 21/26 MP: 1/1
   282 | D:1      | Reached skill level 5 in Axes
   305 | D:1      | Reached XP level 3. HP: 21/31 MP: 2/2
   772 | D:2      | Reached ** piety under Trog
   894 | D:2      | Noticed Ijyb
   906 | D:2      | Killed Ijyb
   906 | D:2      | Reached skill level 6 in Axes
   906 | D:2      | Reached XP level 4. HP: 34/39 MP: 3/3
   987 | D:2      | Found a hide-covered altar of Uskayaw.
  1157 | D:2      | Lost intelligence.
  1407 | D:3      | Noticed herpmino's ghost (amateur DgAM)
  1411 | D:3      | Killed herpmino's ghost
  1411 | D:3      | Reached skill level 7 in Axes
  1411 | D:3      | Reached XP level 5. HP: 45/45 MP: 4/4
  1570 | D:3      | Reached skill level 8 in Axes
  1571 | D:3      | Reached *** piety under Trog
  1571 | D:3      | Reached XP level 6. HP: 39/51 MP: 5/5
  1934 | D:4      | Noticed Menkaure
  1936 | D:4      | Noticed Sigmund
  1942 | D:4      | Killed Menkaure
  1942 | D:4      | Reached skill level 9 in Axes
  1945 | D:4      | Killed Sigmund
  2019 | D:4      | Reached XP level 7. HP: 53/57 MP: 6/6
  2103 | D:4      | Noticed Blork the orc
  2115 | D:4      | Killed Blork the orc
  2472 | D:4      | Found a burning altar of Makhleb.
  2913 | D:5      | Entered Level 5 of the Dungeon
  2925 | D:5      | Reached skill level 10 in Axes
  2988 | D:5      | Reached skill level 5 in Fighting
  2988 | D:5      | Reached XP level 8. HP: 68/68 MP: 7/7
  3120 | D:5      | Found Nicsarru's Jewellery Emporium.
  3229 | D:5      | Reached **** piety under Trog
  3244 | D:5      | Found a hazy altar of Hepliaklqana.
  3300 | D:5      | Reached skill level 5 in Armour
  3353 | D:5      | Found a stormy altar of Qazlal.
  3803 | D:6      | Noticed Edmund
  3817 | D:6      | Killed Edmund
  3953 | D:6      | Got a dazzling rapier
  3954 | D:6      | Identified the +5 rapier of Ixonk {drain, rF+ MR+} (You found it on level 6 of the Dungeon)
  4067 | D:6      | Noticed Eustachio
  4094 | D:6      | Killed Eustachio
  4094 | D:6      | Reached skill level 5 in Dodging
  4228 | D:6      | Found a runed door.
  4369 | D:6      | Noticed Crazy Yiuf
  4379 | D:6      | Killed Crazy Yiuf
  4476 | D:7      | Reached XP level 9. HP: 76/78 MP: 8/8
  4551 | D:7      | Found a snail-covered altar of Cheibriados.
  4667 | D:7      | Found a glowing silver altar of Zin.
  4748 | D:7      | Reached skill level 11 in Axes
  5048 | D:7      | Found a staircase to the Ecumenical Temple.
  5490 | D:8      | Found a deep blue altar of Sif Muna.
  5491 | D:8      | Found a sacrificial altar of Ru.
  5965 | D:8      | Noticed a cyclops
  5966 | D:8      | Noticed a meliai
  5977 | D:8      | Killed a meliai
  5977 | D:8      | HP: 1/121 [cyclops/large rock (9)]
  5978 | D:8      | Succumbed to a meliai's poison

Skill      XL: |  1  2  3  4  5  6  7  8  9 |
---------------+----------------------------+-----
Axes           | 4 5 6 7 8 9 10 11 | 11.9
Fighting       | 5 6 7 |  7.8
Armour         | 4 6 7 |  7.2
Dodging        | 3 5 6 |  6.2

Action                   |  1- 3 |  4- 6 |  7- 9 || total
-------------------------+-------+-------+-------++-------
Melee: Hand axe          |    80 |    97 |   398 ||   575
       Headbutt          |    12 |    19 |    83 ||   114
Invok: Berserk           |       |     2 |     1 ||     3
       Brothers in Arms  |       |       |     2 ||     2
       Trog's Hand       |       |       |     1 ||     1
  Use: Scroll            |       |     5 |     2 ||     7
       Potion            |       |       |     2 ||     2
  Eat: Chunk             |       |     6 |    14 ||    20
Armor: Animal skin       |    10 |       |       ||    10
       Scale mail        |       |    50 |   124 ||   174
Dodge: Dodged            |    48 |    66 |   189 ||   303
